AoeStats
← mats931

Arena

506490118Analyzed
3v3 RM · 17d ago on Sep 13, 2026· 52m 58s· 6 players
Game mode
Random Map
Map size
Normal (6 player)
Population
200
Speed
Normal
Resources
Standard
Victory
Conquest
Starting age
Dark Age
Ending age
Imperial Age
RankedLock teamsTeams togetherTeam positionsShared explorationLock speedFull tech treeHidden civsTurbo modeCheats
Victory
Defeat
🇪🇸 Khmer · Spain
1260
+5
🇨🇱 Franks · Chile
883
+19
🇨🇴 Britons · Colombia
816
+21
🇩🇪 Franks · Germany
1002
-17
🇩🇪 Saracens · Germany
931
-14
🇩🇪 Celts · Germany
930
-14
mats931
0:26 Loom
11:32 Feudal Age
15:59 Castle Age
13:55 Double-Bit Axe
14:10 Horse Collar
16:41 Gold Mining
18:21 Heavy Plow
23:16 Husbandry
24:53 Bloodlines
28:57 Scale Barding Armor
32:50 Wheelbarrow
32:23 Light Cavalry
34:41 Forging
38:06 Hand Cart
41:12 Imperial Age
42:56 Onager
43:27 Heavy Camel Rider
44:32 Hussar
chrasser.chris
0:27 Loom
13:20 Feudal Age
15:03 Wheelbarrow
17:44 Castle Age
16:02 Double-Bit Axe
16:25 Gold Mining
17:16 Stone Mining
18:37 Bow Saw
19:16 Hand Cart
18:48 Town Watch
26:34 Gold Shaft Mining
27:38 Forging
27:34 Scale Barding Armor
27:30 Scale Mail Armor
28:37 Pikeman
30:04 Chain Barding Armor
30:20 Iron Casting
31:21 Chain Mail Armor
35:10 Imperial Age
32:44 Town Patrol
35:52 Husbandry
35:18 Cavalier
36:39 Plate Barding Armor
37:05 Blast Furnace
37:04 Halberdier
37:34 Gambesons
40:42 Conscription
45:16 Paladin
46:06 Squires
45:52 Arson
46:41 Plate Mail Armor
46:21 Light Cavalry
Schokoladeneis
0:26 Loom
12:03 Feudal Age
13:19 Wheelbarrow
16:30 Castle Age
15:18 Double-Bit Axe
15:21 Horse Collar
19:04 Gold Mining
20:11 Heavy Plow
24:38 Scale Mail Armor
25:54 Forging
26:05 Hand Cart
26:47 Pikeman
28:39 Gold Shaft Mining
28:00 Stone Mining
33:36 Stone Shaft Mining
37:31 Iron Casting
40:07 Bow Saw
46:35 Imperial Age
48:35 Blast Furnace
47:10 Heavy Scorpion
49:47 Siege Engineers
49:22 Halberdier
MacNewbie
9:58 Feudal Age
12:46 Castle Age
11:23 Double-Bit Axe
11:22 Horse Collar
14:55 Wheelbarrow
18:56 Bow Saw
19:11 Loom
20:07 Gold Mining
23:40 Heavy Plow
24:01 Husbandry
24:45 Bloodlines
25:45 Scale Barding Armor
25:51 Forging
25:50 Tusk Swords
31:01 Chain Barding Armor
32:42 Fletching
36:25 Iron Casting
39:06 Imperial Age
41:53 Bodkin Arrow
43:30 Hand Cart
44:56 Chemistry
43:31 Light Cavalry
45:11 Conscription
46:04 Plate Barding Armor
46:30 Blast Furnace
47:09 Gold Shaft Mining
46:09 Heavy Scorpion
47:30 Bracer
50:39 Ballistics
52:07 Siege Engineers
DSLG | antuancesar6
11:55 Feudal Age
17:15 Castle Age
17:24 Loom
21:41 Double-Bit Axe
22:29 Pikeman
23:10 Squires
22:56 Arson
23:00 Gambesons
24:10 Squires
26:16 Wheelbarrow
29:44 Scale Barding Armor
31:15 Husbandry
32:32 Bow Saw
32:46 Hand Cart
32:54 Chain Barding Armor
32:35 Scale Mail Armor
32:46 Forging
40:03 Imperial Age
38:26 Masonry
38:12 Murder Holes
38:40 Ballistics
38:30 Fortified Wall
40:37 Halberdier
42:36 Chain Mail Armor
42:56 Iron Casting
42:12 Fletching
42:23 Padded Archer Armor
43:11 Plate Barding Armor
44:01 Chemistry
43:07 Siege Engineers
43:33 Architecture
43:48 Cavalier
47:24 Architecture
48:38 Paladin
LORDEMENTE
5:34 Loom
11:44 Feudal Age
14:59 Double-Bit Axe
18:47 Castle Age
16:53 Gold Mining
16:57 Stone Mining
17:36 Fletching
17:56 Horse Collar
20:46 Forging
21:26 Bow Saw
27:23 Bodkin Arrow
28:31 Gold Shaft Mining
30:51 Wheelbarrow
36:41 Imperial Age
36:55 Yeomen
37:19 Iron Casting
37:37 Pikeman
41:16 Chemistry
40:37 Ballistics
40:21 Bracer
42:40 Blast Furnace
41:40 Padded Archer Armor
41:49 Squires
41:35 Arson
44:44 Leather Archer Armor
46:29 Yeomen
48:48 Elite Longbowman
51:18 Halberdier
Connection lost

Rejoining the realm…

Still unreachable

The connection could not be restored.

Session expired

The server has moved on; the page needs a fresh start.